 Dungeon Crawl Stone Soup version 0.21-a0-241-g2cbab09 (console) character file.

7 Akra the Shooter (level 1, 0/16 HPs)
             Began as a Centaur Arcane Marksman on Sept 3, 2017.
             Slain by a jackal (1 damage)
             ... on level 1 of the Dungeon.
             The game lasted 00:01:46 (586 turns).

Akra the Shooter (Centaur Arcane Marksman)           Turns: 586, Time: 00:01:47

Health: 0/16       AC:  5    Str: 12    XL:     1   Next: 91%
Magic:  2/2        EV:  9    Int: 12    God:
Gold:   7          SH:  0    Dex:  9    Spells: 1/2 levels left

rFire    . . .     SeeInvis .     - Unarmed
rCold    . . .     Gourm    .   (no shield)
rNeg     . . .     Faith    .   e - +0 robe
rPois    .         Spirit   .   n - +0 helmet
rElec    .         Reflect  .   (no cloak)
rCorr    .         Harm     .   (no gloves)
MR       .....                  (no barding)
Stlth    +.........             (no amulet)
HPRegen  0.05/turn              (no ring)
MPRegen  0.08/turn              (no ring)

@: very quick
A: hooves 3, deformed body, speed 2, tough skin 3
a: no special abilities


You were on level 1 of the Dungeon.
You were not hungry.

You visited 1 branch of the dungeon, and saw 1 of its levels.

You collected 7 gold pieces.

Inventory:

Hand Weapons
 a - a +0 shortbow
Missiles
 d - 20 arrows
Armour
 e - a +0 robe (worn)
 n - a +0 helmet (worn)
Jewellery
 h - an uncursed amulet of regeneration {unknown}
Scrolls
 i - a scroll of identify {unknown}
 k - a scroll of blinking {unknown}
Potions
 b - a potion of cancellation {unknown}
 j - a potion of magic {unknown}
 m - a potion of lignification {unknown}
Books
 c - a book of Debilitation

   Spells                             Type                      Level
   a - Corona                         Hexes                        1
   b - Slow                           Hexes                        2
   c - Inner Flame                    Hexes/Fire                   3
   d - Portal Projectile              Hexes/Translocation          3
   e - Cause Fear                     Hexes                        4
   f - Leda's Liquefaction            Hexes/Earth                  4
Comestibles
 f - 2 bread rations
 g - a royal jelly


   Skills:
 - Level 1.0 Fighting
 + Level 3.1 Bows
 - Level 1.3 Dodging
 + Level 1.2 Unarmed Combat
 - Level 1.0 Spellcasting
 - Level 2.6 Hexes


You had one spell level left.
You knew the following spells:

 Your Spells              Type           Power        Failure   Level  Hunger
a - Corona                Hex            #......      10%         1    ##.....


Dungeon Overview and Level Annotations

Branches:
Dungeon (1/15)

Altars:


Innate Abilities, Weirdness & Mutations

You have hooves in place of feet.
Armour fits poorly on your strangely shaped body.
You cover ground very quickly.
You have extremely tough skin. (AC +3)


Message History

The jackal misses you. The jackal bites you.
* * * LOW HITPOINT WARNING * * *
You hit the jackal but do no damage.
The jackal is heavily wounded.
The jackal barely misses you.
You hit the jackal but do no damage. Your kick misses the jackal.
The jackal is heavily wounded.
The jackal bites you but does no damage.
You barely miss the jackal.
The jackal is heavily wounded.
The jackal barely misses you.
You closely miss the jackal. You closely miss the jackal.
Your kick misses the jackal. The jackal closely misses you.
The jackal bites you but does no damage.
You barely miss the jackal. Your kick misses the jackal. The jackal bites you.
* * * LOW HITPOINT WARNING * * *
You barely miss the jackal.
The jackal bites you but does no damage.
You closely miss the jackal. Your kick misses the jackal. The jackal bites you.
You die...

#######....# #....##.##.#
#....#..##.# ###
#......###.######.#########
#..........................
#....#####.######..########
#....# #.# #....# ######
#.# #.##.# #.# #.##.## #.#
#.##..### #@# #.###...# #h#
#.# ###.# #h# #.# #.#
#h#### #.# #.# .
#....###.#####.###
...##...........#...#.
.......$...........P...
....##.......P♣.....♣P. ..#
#..........♣...... #
#..%#.....♣P...♣P.
#...###...).......


You could see 3 jackals.

Vanquished Creatures
  A giant cockroach (D:1)
  4 kobolds (D:1)
  2 bats (D:1)
  A rat (D:1)
8 creatures vanquished.

Notes
Turn   | Place    | Note
-------+----------+-------------------------------------------
     0 | D:1      | Akra the Centaur Arcane Marksman began the quest for the Orb.
     0 | D:1      | Reached XP level 1. HP: 16/16 MP: 2/2
   280 | D:1      | Reached skill level 3 in Bows
   280 | D:1      | Reached skill level 1 in Unarmed Combat
   586 | D:1      | Slain by a jackal

Vault maps used:
D:1:      denvon_arrival_planthouse

Skill      XL: |  1 |
---------------+----+-----
Bows           | 3 |  3.1
Unarmed Combat | 1 |  1.2
Fighting       | |  1.0
Dodging        | |  1.3
Spellcasting   | |  1.0
Hexes          | |  2.6

Action                   || total
-------------------------++-------
Melee: Unarmed           ||    66
       Kick              ||     7
Armor: Robe              ||    33
Dodge: Dodged            ||    48

Table legend:
 A = Spawn XP
 B = Non-spawn XP
 C = Spawn XP percentage of total XP
 D = Spawn monster count
 E = Non-spawn monster count
 F = Spawn count percentage of total count
 G = Total turns spent on level
                    A         B        C        D         E        F      G
               +---------+---------+-------+---------+---------+-------+---------
         Total |       1 |      10 |   9.1 |       1 |       7 |  12.5 |   586
               +---------+---------+-------+---------+---------+-------+---------
           D:1 |       1 |      10 |   9.1 |       1 |       7 |  12.5 |   586
               +---------+---------+-------+---------+---------+-------+---------
